 Dungeon Crawl Stone Soup version 0.23.2-40-g277498a001 (webtiles) character file.

Game seed: 3500316767300990259

33 FishyPogo the Vexing (level 3, -8/19 HPs)
             Began as a Deep Elf Enchanter on Oct 5, 2019.
             Killed by nerve-wracking pain
             ... invoked by Jessica
              (11 damage)
             ... on level 2 of the Dungeon.
             The game lasted 00:05:41 (887 turns).

FishyPogo the Vexing (Deep Elf Enchanter)            Turns: 887, Time: 00:05:42

Health: -8/19      AC:  2    Str:  5    XL:     3   Next: 12%
Magic:  0/3        EV: 14    Int: 20    God:
Gold:   89         SH:  0    Dex: 15    Spells: 1/8 levels left

rFire    . . .     SeeInvis .   h - +1 short sword (antimagic)
rCold    . . .     Gourm    .   (no shield)
rNeg     . . .     Faith    .   b - +0 robe
rPois    .         Spirit   .   (no helmet)
rElec    .         Reflect  .   (no cloak)
rCorr    .         Harm     .   (no gloves)
MR       .....                  (no boots)
Stlth    +++.......             (no amulet)
HPRegen  0.06/turn              (no ring)
MPRegen  0.08/turn              (no ring)

@: no status effects
A: no striking features
a: no special abilities


You were on level 2 of the Dungeon.
You were not hungry.

You visited 1 branch of the dungeon, and saw 2 of its levels.

You collected 89 gold pieces.

Inventory:

Hand Weapons
 a - a +0 short sword of venom
 h - a +1 antimagic short sword (weapon)
Missiles
 j - 13 stones (quivered)
Armour
 b - a +0 robe (worn)
Scrolls
 e - 2 scrolls of identify {unknown}
 f - 2 scrolls of immolation {unknown}
 g - a scroll of teleportation {unknown}
 i - a scroll of noise {unknown}
Potions
 k - a potion of agility {unknown}
Comestibles
 c - 2 chunks of flesh
 d - 3 rations


   Skills:
 + Level 1.6 Short Blades
 * Level 3.4 Dodging
 - Level 4.0 Stealth
 - Level 3.0 Spellcasting
 + Level 4.4 Hexes


You had one spell level left.
You knew the following spells:

 Your Spells              Type           Power        Failure   Level  Hunger
a - Corona                Hex            ###....      2%          1    None
b - Confuse               Hex            ###.....     7%          3    ###....
c - Tukima's Dance        Hex            ###.....     7%          3    ###....

Your spell library contained the following spells:

 Spells                   Type           Power        Failure   Level  Hunger
 Ensorcelled Hibernation  Hex/Ice        ##....       9%          2    ##.....
 Dazzling Spray           Conj/Hex       ##....       17%         3    ###....


Dungeon Overview and Level Annotations

Branches:
Dungeon (2/15)

Altars:

Annotations:
D:2 Jessica


Message History

The +0 club dances into the air!
The bat closely misses you. Jessica hits you. The bat barely misses you.
Jessica hits you.
You completely miss Jessica.
Jessica is lightly wounded.
The bat barely misses you.
The bat barely misses your +0 club.
Jessica hits you.
The bat hits your +0 club. x2; Jessica falters for a moment.
You barely miss Jessica.
Jessica is lightly wounded.
The bat closely misses you.
The bat hits your +0 club but does no damage.
Your +0 club hits the bat.
Jessica misses you.
The bat hits your +0 club.
You closely miss Jessica.
Jessica is lightly wounded.
The bat hits you.
The bat hits your +0 club.
Jessica hits you.
* * * LOW HITPOINT WARNING * * *
Your +0 club hits the bat.
Jessica casts a spell at you. Pain shoots through your body!
Ouch! That really hurt!
You die...

#.## #.# #..#
#.# ##.######
#.# #.......#
##.. #..####.#
#.#. #....# ##.#
#.##.# #.#
#.##(##.# .. #.#
#..@.b..# #.#
#.#
####@######.#
#.# ........####
#.# ...........#
#.# #.##.##.##.#
#.#
#.##.....#.###.#
#..............#
#.......##.#####
####.......#


You could see Jessica, a bat and a friendly +0 club.

Vanquished Creatures
  An adder (D:2)
  2 dart slugs (D:1)
  A leopard gecko (D:1)
  A ball python (D:1)
  5 bats
  2 goblins (D:1)
  A hobgoblin (D:1)
  4 frilled lizards (D:1)
  A kobold (D:1)
  2 rats (D:1)
20 creatures vanquished.

Notes
Turn   | Place    | Note
-------+----------+-------------------------------------------
     0 | D:1      | FishyPogo the Deep Elf Enchanter began the quest for the
                  | Orb.
     0 | D:1      | Reached XP level 1. HP: 10/10 MP: 6/6
   119 | D:1      | Reached XP level 2. HP: 15/15 MP: 8/8
   734 | D:2      | Found a faded altar of an unknown god.
   751 | D:2      | Reached XP level 3. HP: 10/19 MP: 7/9
   784 | D:2      | Learned a level 3 spell: Confuse
   788 | D:2      | Learned a level 3 spell: Tukima's Dance
   875 | D:2      | Noticed Jessica
   887 | D:2      | Killed from afar by Jessica

Skill      XL: |  1  2 |
---------------+-------+-----
Dodging        | 3 |  3.4
Stealth        | 4 |  4.0
Short Blades   | |  1.6
Spellcasting   | |  3.0
Hexes          | |  4.4

Action                   || total
-------------------------++-------
Melee: Dagger            ||    18
       Short sword       ||    29
 Cast: Corona            ||    12
       Tukima's Dance    ||     1
  Use: Potion            ||     1
 Stab: Sleeping          ||     8
Armor: Robe              ||     2
Dodge: Dodged            ||    36
